 Dungeon Crawl Stone Soup version 0.22.0-32-gbc6daba (webtiles) character file.

1341 poirepourri the Thaumaturge (level 8, -8/52 HPs)
             Began as a Mummy Ice Elementalist on Aug 23, 2018.
             Mangled by an eight-headed hydra (14 damage)
             ... on level 6 of the Dungeon.
             The game lasted 00:11:19 (10692 turns).

poirepourri the Thaumaturge (MuIE)                 Turns: 10692, Time: 00:11:20

Health: -8/52      AC:  3    Str: 11    XL:     8   Next: 35%
Magic:  21/21      EV: 12    Int: 17    God:
Gold:   260        SH:  0    Dex: 12    Spells: 11/25 levels left

rFire    x . .     SeeInvis .   a - +3 short sword
rCold    + + .     Gourm    .   (no shield)
rNeg     + + +     Faith    .   g - +1 robe
rPois    ∞         Spirit   .   (no helmet)
rElec    .         Reflect  .   (no cloak)
rCorr    .         Harm     .   (no gloves)
MR       +....                  (no boots)
Stlth    +++.......             (no amulet)
HPRegen  0.17/turn              d - ring of stealth
MPRegen  0.17/turn              m - ring of protection from cold

@: about to teleport
A: no food or potions, fire vulnerability, cold resistance 1, negative energy
resistance 3, torment resistance, unbreathing
a: no special abilities


You were on level 6 of the Dungeon.
You were not hungry.

You visited 1 branch of the dungeon, and saw 7 of its levels.

You collected 260 gold pieces.

Inventory:

Hand Weapons
 a - a +3 short sword (weapon)
 b - a +0 blowgun
Missiles
 c - a throwing net (quivered)
 i - 10 poisoned needles
Armour
 g - a +1 robe (worn)
 o - a +0 buckler
Jewellery
 d - a ring of stealth (left hand)
 e - an uncursed amulet of guardian spirit
 m - a ring of protection from cold (right hand)
Wands
 j - a wand of random effects (9)
 n - a wand of acid (8)
 p - a wand of flame (14)
 q - a wand of disintegration (12)
 r - a wand of paralysis (11)
Scrolls
 h - 4 scrolls of magic mapping
 k - 3 scrolls of remove curse
 l - 2 scrolls of identify
 s - a scroll of fog


   Skills:
 - Level 1.5 Dodging
 - Level 1.5 Stealth
 - Level 9.1 Spellcasting
 - Level 2.0 Conjurations
 + Level 6.1 Ice Magic


You had 11 spell levels left.
You knew the following spells:

 Your Spells              Type           Power        Failure   Level  Hunger
a - Freeze                Ice            ####         1%          1    N/A
b - Throw Frost           Conj/Ice       ###...       2%          2    N/A
c - Ozocubu's Armour      Chrm/Ice       ###.....     8%          3    N/A
d - Throw Icicle          Conj/Ice       ###.....     17%         4    N/A
e - Summon Ice Beast      Ice/Summ       ###.....     26%         4    N/A

Your spell library contained the following spells:

 Spells                   Type           Power        Failure   Level  Hunger


Dungeon Overview and Level Annotations

Branches:
Dungeon (7/15)
 Temple: D:4-7

Altars:
Dithmenos
Makhleb
Nemelex Xobeh
Okawaru
Ru
Uskayaw
Vehumet
Xom
Zin

Shops:
D:4 !


Innate Abilities, Weirdness & Mutations

You do not eat or drink.
Your flesh is vulnerable to fire.
You are immune to poison.
Your flesh is cold resistant. (rC+)
You are immune to negative energy. (rN+++)
You are immune to unholy pain and torment.
You can survive without breathing.


Message History

The eight-headed hydra bites you but does no damage.
The eight-headed hydra bites you. The eight-headed hydra misses you.
The eight-headed hydra bites you! The eight-headed hydra bites you.
The eight-headed hydra completely misses you.
The eight-headed hydra bites you. The eight-headed hydra bites you!
The kobold hits you but does no damage. The phantom barely misses you.
You climb upwards.
There is a stone staircase leading down here.
Unknown command.
Unknown command.
Unknown command.
Unknown command.
Unknown command.
As you read the scroll of teleportation, it crumbles to dust.
You feel strangely unstable.
The eight-headed hydra closely misses you.
The eight-headed hydra bites you. The eight-headed hydra bites you!
* * * LOW HITPOINT WARNING * * *
The eight-headed hydra bites you!
You die...

#..........##.#
#.............#
#..........####
#..........#
#..........#
#..........#
#..........#
#.........K#
#.........@#
#.........D#
#..........#
############


You could see an eight-headed hydra and a kobold.

Vanquished Creatures
  2 sky beasts (D:6)
  A gnoll sergeant (D:5)
  2 bullfrogs
  A wyvern skeleton (D:6)
  3 scorpions
  A killer bee (D:5)
  A crimson imp (D:3)
  A bullfrog zombie (D:5)
  A jelly (D:7)
  A centaur skeleton (D:4)
  3 hounds
  An iguana (D:6)
  3 orc wizards
  4 worker ants
  7 gnolls (D:5)
  10 adders
  A shadow imp (D:5)
  3 worms
  4 dart slugs
  5 leopard geckos
  13 orcs
  A ball python (D:3)
  4 bats
  4 giant cockroaches
  7 goblins
  7 hobgoblins
  14 jackals
  10 kobolds
  4 quokkas
  3 frilled lizards
  A quokka skeleton (D:6)
  9 rats
132 creatures vanquished.

Notes
Turn   | Place    | Note
-------+----------+-------------------------------------------
     0 | D:1      | poirepourri the Mummy Ice Elementalist began the quest for the Orb.
     0 | D:1      | Reached XP level 1. HP: 13/13 MP: 4/4
    30 | D:1      | Reached skill level 3 in Spellcasting
   634 | D:1      | Reached XP level 2. HP: 19/19 MP: 0/6
   843 | D:1      | Learned a level 2 spell: Throw Frost
  1319 | D:2      | Noticed a scorpion
  1323 | D:1      | Reached skill level 4 in Spellcasting
  1530 | D:1      | Reached XP level 3. HP: 20/24 MP: 1/8
  1668 | D:1      | Learned a level 3 spell: Ozocubu's Armour
  1926 | D:2      | Killed a scorpion
  1926 | D:2      | Reached skill level 5 in Spellcasting
  1926 | D:2      | Reached XP level 4. HP: 3/30 MP: 1/11
  2551 | D:2      | Learned a level 4 spell: Throw Icicle
  2556 | D:2      | Learned a level 4 spell: Summon Ice Beast
  2851 | D:2      | Found an iron altar of Okawaru.
  2920 | D:2      | Found a radiant altar of Vehumet.
  3027 | D:3      | Reached skill level 6 in Spellcasting
  3325 | D:3      | Found a burning altar of Makhleb.
  3326 | D:3      | Found a shimmering altar of Xom.
  3337 | D:3      | Reached skill level 1 in Conjurations
  3337 | D:3      | Reached XP level 5. HP: 14/35 MP: 8/13
  3591 | D:3      | Found a shadowy altar of Dithmenos.
  4693 | D:4      | Reached XP level 6. HP: 6/41 MP: 2/15
  5108 | D:4      | Found Benaerch's Distillery.
  6034 | D:5      | Entered Level 5 of the Dungeon
  6211 | D:5      | Found a sacrificial altar of Ru.
  6295 | D:5      | Found a hide-covered altar of Uskayaw.
  6298 | D:5      | Noticed a dagger
  6299 | D:5      | Noticed a dagger
  6711 | D:5      | Reached skill level 7 in Spellcasting
  6711 | D:5      | Reached XP level 7. HP: 30/46 MP: 10/17
  7416 | D:5      | Reached skill level 8 in Spellcasting
  8402 | D:5      | Reached skill level 9 in Spellcasting
  9432 | D:6      | Reached skill level 5 in Ice Magic
  9432 | D:6      | Reached XP level 8. HP: 27/52 MP: 14/21
  9758 | D:6      | Found a sparkling altar of Nemelex Xobeh.
  9762 | D:6      | Found a glowing silver altar of Zin.
 10689 | D:7      | Noticed an eight-headed hydra
 10692 | D:6      | Mangled by an eight-headed hydra

Skill      XL: |  1  2  3  4  5  6  7  8 |
---------------+-------------------------+-----
Spellcasting   | 3 4 5 6 7 9 |  9.1
Conjurations   | 1 2 |  2.0
Ice Magic      | 3 4 5 6 |  6.1
Dodging        | |  1.5
Stealth        | |  1.5

Action                   |  1- 3 |  4- 6 |  7- 9 || total
-------------------------+-------+-------+-------++-------
Melee: Unarmed           |     1 |       |       ||     1
       Short sword       |     7 |    35 |     6 ||    48
 Cast: Freeze            |    31 |   114 |    76 ||   221
       Ozocubu's Armour  |     1 |       |       ||     1
       Throw Frost       |       |    40 |    46 ||    86
       Throw Icicle      |       |     2 |       ||     2
Evoke: Wand              |       |     5 |    13 ||    18
  Use: Scroll            |     1 |    14 |     5 ||    20
 Stab: Sleeping          |     1 |       |     1 ||     2
Armor: Robe              |     6 |    36 |    15 ||    57
Dodge: Dodged            |    25 |    80 |    68 ||   173
